 Dungeon Crawl Stone Soup version 0.30-a0-965-g42e074c17a (webtiles) character file.

Game seed: 2385067926595999984

522 OrthodoxDeviant the Trooper (level 7, -3/58 HPs)
             Began as a Barachi Fighter on Mar 30, 2023.
             Slain by a hornet (12 damage)
             ... on level 4 of the Dungeon.
             The game lasted 00:26:42 (4725 turns).

OrthodoxDeviant the Trooper (Barachi Fighter)       Turns: 4725, Time: 00:26:43

Health: -3/58      AC: 12    Str: 17    XL:     7   Next: 22%
Magic:  7/7        EV:  5    Int:  8    God:
Gold:   218        SH:  5    Dex: 14    Spells: 6/6 levels left

rFire   + . .      SeeInvis .    a - +0 long sword
rCold   + . .      Faith    .    w - +0 buckler of Nacli {rF+}
rNeg    . . .      Spirit   .    d - +0 plate armour
rPois   .          Reflect  .    (no helmet)
rElec   .          Rampage  .    (no cloak)
rCorr   .                        (no gloves)
Will    .....                    (no boots) Stlth
                                 (no amulet)
HPRegen 0.29/turn                t - ring of protection from cold
MPRegen 0.10/turn                (no ring)

@: hasted and slowed, slow
A: amphibious, slowness 1, strong legs 1, +LOS
a: Hop


You were on level 4 of the Dungeon.
You visited 2 branches of the dungeon, and saw 7 of its levels.

You collected 218 gold pieces.

Inventory:

Hand Weapons
 a - a +0 long sword (weapon)
Missiles
 A - 5 boomerangs (quivered)
Armour
 b - the -2 hat of the Alchemist {rElec rPois rF+ rC+ rN+ Will+ rMut rCorr}
   (You acquired it on level 5 of the Dungeon)

   rF:        It protects you from fire.
   rC:        It protects you from cold.
   rElec:     It insulates you from electricity.
   rPois:     It protects you from poison.
   rN:        It protects you from negative energy.
   rCorr:     It protects you from acid and corrosion.
   rMut:      It protects you from mutation.
   Will:      It increases your willpower.
 c - a +0 buckler
 d - a +0 plate armour (worn)
 m - a +3 leather armour
 n - the +0 ring mail "Sorcheh" {+Inv rF+++ Str+4 Stlth-}
   (You found it on level 2 of the Dungeon)

   Str:       It affects your strength (+4).
   rF:        It renders you almost immune to fire.
   +Inv:      It lets you turn invisible.
   Stlth:     It makes you less stealthy.
 w - the +0 buckler of Nacli (worn) {rF+}
   (You found it on level 4 of the Dungeon)

   rF:        It protects you from fire.
 y - a +0 chain mail
Jewellery
 j - a +6 ring of intelligence
 t - a ring of protection from cold (left hand)
Scrolls
 h - a scroll of torment
 i - 4 scrolls of enchant armour
 k - a scroll of noise {unknown}
 l - a scroll of teleportation
 u - a scroll of blinking
 v - a scroll of enchant weapon
Potions
 e - a potion of mutation {unknown}
 f - 2 potions of curing
 o - 2 potions of heal wounds {unknown}
 p - a potion of brilliance {unknown}
 q - a potion of invisibility {unknown}
 r - 2 potions of degeneration {unknown}
 s - 2 potions of haste
 x - a potion of resistance {unknown}
 z - 2 potions of lignification {unknown}


   Skills:
 * Level 6.2 Fighting
 * Level 5.7 Long Blades
 + Level 5.1 Armour
 + Level 4.6 Shields


You had 6 spell levels left.
You didn't know any spells.
Your spell library contained the following spells:

 Spells                   Type           Power      Damage    Failure   Level
 Apportation              Tloc           0%         N/A       100%        1
 Necrotise                Necr           0%         1d4       100%        1
 Sting                    Tmut/Pois      0%         1d3       100%        1
 Summon Small Mammal      Summ           0%         N/A       100%        1
 Poisonous Vapours        Pois/Air       0%         N/A       100%        2
 Static Discharge         Conj/Air       0%         2-2/arc   100%        2
 Ignite Poison            Fire/Tmut/Pois 0%         N/A       100%        3
 Mephitic Cloud           Conj/Pois/Air  0%         N/A       100%        3
 Vhi's Electric Charge    Tloc/Air       0%         N/A       100%        3
 Olgreb's Toxic Radiance  Pois           0%         N/A       100%        4
 Arcjolt                  Conj/Air       0%         1d10      100%        5
 Plasma Beam              Fire/Air       0%         2x1d7     100%        5
 Fire Storm               Conj/Fire      0%         5d1       100%        9


Dungeon Overview and Level Annotations

Branches:
Dungeon (6/15)             Temple (1/1) D:4

Altars:
Ashenzari
Cheibriados
Dithmenos
Fedhas
Kikubaaqudgha
Makhleb
Nemelex Xobeh
Sif Muna
Trog
Wu Jian
Xom
Yredelemnul
Zin
The Shining One

Shops:
D:6 !


Innate Abilities, Weirdness & Mutations

You are amphibious.
You cover ground slowly.
You can hop short distances.
You have an extended range of vision and can be seen from far away.


Message History

You hit the hornet but do no damage.
The hornet is lightly wounded.
You feel sick.
The hornet stings you but does no damage.
You closely miss the hornet.
The hornet is lightly wounded.
The hornet stings you!
You feel yourself slow down. The hornet stings you!
You feel as though you will be slow longer.
You barely miss the hornet.
The hornet is lightly wounded.
You feel sick. The hornet stings you!
You feel as though you will be slow longer.
You completely miss the hornet.
The hornet is lightly wounded.
You feel sick.
You are no longer poisoned.
The hornet stings you!
You feel as though you will be slow longer.
You block the hornet's attack.
You hit the hornet but do no damage.
The hornet is lightly wounded.
The hornet stings you but does no damage. x2
You hit the hornet.
The hornet is moderately wounded.
The hornet stings you but does no damage. x2
You barely miss the hornet.
The hornet is lightly wounded.
You block the hornet's attack.
You miss the hornet.
The hornet is lightly wounded.
You feel yourself speed up. The hornet stings you!
* * * LOW HITPOINT WARNING * * *
You are lethally poisoned!
You feel yourself slow down. The hornet stings you.
* * * LOW HITPOINT WARNING * * *
You are more poisoned.
You feel as though you will be slow longer.
You feel better. The hornet stings you!
You die...

#.....#....#.........
#...###...#####'###..
###...#####'####..>##..
#..............'.......
#..............#.......
#<.............#.......
##.)..##.####'###...##.
##.>.#####...###...##.
#..y@..)...........#.
#.#................#.
#..................#.
#######...##....###..###
##.......####....########
#.....#.................#
#.....#.................#
#.....#.................+
#.....#.........<)......#


You could see a hornet.

Vanquished Creatures
  A water moccasin (D:5)
  A scorpion (D:6)
  A jelly (D:4)
  An orc priest (D:2)
  3 iguanas
  An orc wizard (D:2)
  A sleepcap (D:4)
  4 gnolls (D:3)
  3 adders
  A worm (D:3)
  3 dart slugs
  7 orcs
  9 bats
  12 endoplasms
  5 giant cockroaches
  5 goblins
  10 hobgoblins
  4 jackals (D:3)
  A quokka (D:4)
  7 ball pythons
  5 frilled lizards
  6 kobolds
  4 rats
95 creatures vanquished.

Notes
Turn   | Place    | Note
-------+----------+-------------------------------------------
     0 | D:1      | OrthodoxDeviant the Barachi Fighter began the quest for the
                  | Orb.
     0 | D:1      | Reached XP level 1. HP: 18/18 MP: 1/1
    66 | D:1      | Reached XP level 2. HP: 25/25 MP: 2/2
   267 | D:1      | Reached skill level 4 in Fighting
   344 | D:1      | Reached XP level 3. HP: 29/30 MP: 3/3
   945 | D:2      | Identified the +0 ring mail "Sorcheh" {+Inv rF+++ Str+4
                  | Stlth-}
  1115 | D:2      | Reached XP level 4. HP: 6/38 MP: 4/4
  1762 | D:2      | Reached XP level 5. HP: 29/43 MP: 5/5
  2012 | D:3      | Found a faded altar of an unknown god.
  2182 | D:3      | Reached skill level 5 in Fighting
  3126 | D:4      | Identified the +0 buckler of Nacli {rF+}
  3164 | D:4      | Reached XP level 6. HP: 38/51 MP: 6/6
  3346 | D:4      | Found a staircase to the Ecumenical Temple.
  3364 | D:4      | Got Deysezxungi's Secrets of Inquiry
  3370 | Temple   | Entered the Ecumenical Temple
  3606 | D:4      | Reached skill level 5 in Long Blades
  3859 | D:5      | Entered Level 5 of the Dungeon
  3859 | D:5      | Noticed a hornet
  4061 | D:5      | Noticed a black bear
  4063 | D:6      | Found Fisoiwk's Distillery.
  4183 | D:6      | Noticed a sky beast
  4185 | D:5      | Noticed a water moccasin
  4244 | D:5      | Identified a scroll of acquirement
  4245 | D:5      | Acquired the -2 hat of the Alchemist {rElec rPois rF+ rC+
                  | rN+ Will+ rMut rCorr}
  4245 | D:5      | Found the -2 hat of the Alchemist {rElec rPois rF+ rC+ rN+
                  | Will+ rMut rCorr}
  4493 | D:5      | Noticed a black bear
  4694 | D:5      | Killed a water moccasin
  4695 | D:5      | Reached skill level 6 in Fighting
  4695 | D:5      | Reached skill level 5 in Armour
  4695 | D:5      | Reached XP level 7. HP: 51/58 MP: 7/7
  4713 | D:4      | Paralysed by a hornet for 3 turns
  4725 | D:4      | Slain by a hornet

Illustrated notes

Levels and vault maps discovered:
D:1:      tarquinn_simple_flora_water_f, layout_loops_ring
D:2:      layout_loops_ring
D:3:      layout_basic, basic_ecumenical_altar, minmay_bisected
D:4:      layout_gridville, minmay_temple_entry_offerings
D:5:      layout_cave_pools, hellmonk_ghost_happy_afterlife, serial_shops, shop
D:6:      layout_rooms, chequers_temple_overflow_statue_of_worship,
          serial_shops, nicolae_shop_hallway_plus, nicolae_square_shop,
          nicolae_shop_advertising_works [nicolae_subvault_shop_adworks],
          uniq_grinder
Temple:   zaba_magenta_temple

Skill      XL: |  1  2  3  4  5  6 |
---------------+-------------------+-----
Fighting       | 4 5 6 |  6.2
Armour         | 4 5 |  5.1
Long Blades    | 3 4 5 |  5.7
Shields        | 4 |  4.6

Action                     |  1- 3 |  4- 6 |  7- 9 || total
---------------------------+-------+-------+-------++-------
  Melee: Long sword        |   127 |   212 |     9 ||   348
  Throw: Boomerang         |       |     9 |     5 ||    14
Ability: Hop               |     1 |     1 |       ||     2
    Use: Potion            |     1 |     3 |     2 ||     6
         Scroll            |       |     7 |       ||     7
   Stab: Sleeping          |     1 |       |       ||     1
 Armour: Scale mail        |    35 |       |       ||    35
         Leather armour    |    18 |    69 |       ||    87
         Plate armour      |       |     3 |     7 ||    10
  Dodge: Dodged            |    60 |   118 |     3 ||   181
  Block: Buckler           |    24 |    40 |     2 ||    66

Table legend: (Time is in decaauts)
 A = Elapsed time spent in this place.
 B = Non-inter-level travel time spent in this place.
 C = Inter-level travel time spent in this place.
 D = Time resting spent in this place.
 E = Time spent auto-exploring this place.
 F = Levels seen in this place.
 G = Mean time per level.
                   A        B        C        D        E       F      G
               +--------+--------+--------+--------+--------+-----+--------+
         Total |   5455 |   4429 |   1026 |    665 |   2605 |   7 |  779.3 |
       Dungeon |   5308 |   4334 |    974 |    665 |   2521 |   6 |  884.7 |
        Temple |    146 |     94 |     52 |      0 |     84 |   1 |  146.0 |
               +--------+--------+--------+--------+--------+-----+--------+

Top non-repeatable levels by time:
     D:2: 1370 daAuts
     D:3: 1352 daAuts
     D:4: 1294 daAuts
     D:1: 916 daAuts
     D:5: 250 daAuts
  Temple: 146 daAuts
     D:6: 123 daAuts
